 Dungeon Crawl Stone Soup version 0.29.1-1-gd02db6906a (webtiles) character file.

Game seed: 451538010682547111

229 NullDivider the Stinger (level 6, -3/36 HPs)
             Began as an Octopode Venom Mage on Sept 23, 2022.
             Slain by a black bear (6 damage)
             ... on level 4 of the Dungeon.
             The game lasted 00:17:33 (4425 turns).

NullDivider the Stinger (Octopode Venom Mage)       Turns: 4425, Time: 00:17:34

Health: -3/36      AC:  1    Str:  7    XL:     6   Next: 3%
Magic:  6/10       EV: 14    Int: 19    God:
Gold:   187        SH:  0    Dex: 13    Spells: 5/11 levels left

rFire   . . .      SeeInvis .   (no weapon)
rCold   . . .      Faith    .   (no shield)
rNeg    . . .      Spirit   .   (helmet restricted)
rPois   .          Reflect  .   (no amulet)
rElec   .          Harm     .   (no ring)
rCorr   .          Rampage  .   (no ring)
Will    .....                   (no ring)
Stlth   ++++......              (no ring)
HPRegen 0.12/turn               (no ring)
MPRegen 0.12/turn               (no ring)
                                (no ring)
                                (no ring)

@: no status effects
A: almost no armour, amphibious, 8 rings, camouflage 1, gelatinous body 1,
(nimble swimmer 1), tentacles
a: no special abilities


You were on level 4 of the Dungeon.
You visited 1 branch of the dungeon, and saw 4 of its levels.

You collected 187 gold pieces.

Inventory:

Scrolls
 b - 3 scrolls of teleportation {unknown}
 c - 2 scrolls of identify {unknown}
 d - 2 scrolls of fear {unknown}
 e - 3 scrolls of blinking {unknown}
 f - a scroll of noise {unknown}
 g - 2 scrolls of butterflies {unknown}
 k - a scroll of enchant armour {unknown}
 l - a scroll of summoning {unknown}
 o - a scroll of poison {unknown}
Potions
 a - 2 potions of magic
 h - a potion of curing {unknown}
 i - a potion of mutation {unknown}
 j - a potion of ambrosia {unknown}
 m - a potion of flight {unknown}
 n - a potion of brilliance {unknown}


   Skills:
 * Level 3.2 Dodging
 * Level 4.5 Stealth
 * Level 3.1 Spellcasting
 + Level 1.0 Conjurations
 - Level 1.3 Transmutations
 + Level 1.3 Air Magic
 * Level 4.7 Poison Magic


You had 5 spell levels left.
You knew the following spells:

 Your Spells              Type           Power      Damage    Failure   Level
a - Sting                 Tmut/Pois      56%        1d5       4%          1
b - Poisonous Vapours     Pois/Air       28%        N/A       7%          2
c - Mephitic Cloud        Conj/Pois/Air  11%        N/A       17%         3

Your spell library contained the following spells:

 Spells                   Type           Power      Damage    Failure   Level
 Beastly Appendage        Tmut           14%        N/A       9%          1
 Spider Form              Tmut/Pois      14%        N/A       13%         3
 Wereblood                Tmut           7%         N/A       14%         2
 Apportation              Tloc           4%         N/A       16%         1
 Passwall                 Tmut/Erth      4%         N/A       17%         2
 Ensorcelled Hibernation  Hex/Ice        4%         N/A       22%         2
 Olgreb's Toxic Radiance  Pois           20%        N/A       22%         4
 Swiftness                Air            7%         N/A       26%         3
 Gell's Gravitas          Tloc           2%         N/A       41%         3
 Lesser Beckoning         Tloc           2%         N/A       41%         3
 Teleport Other           Tloc           2%         N/A       41%         3
 Iskenderun's Battlesphe  Conj           6%         2d6       95%         5
 Fireball                 Conj/Fire      2%         3d4       98%         5
 Conjure Ball Lightning   Conj/Air       3%         3x3d6     100%        6
 Orb of Destruction       Conj           3%         9d5       100%        7


Dungeon Overview and Level Annotations

Branches:
Dungeon (4/15)
 Temple: D:4-7

Altars:


Innate Abilities, Weirdness & Mutations

You cannot wear most types of armour.
You are amphibious.
You can wear up to eight rings at the same time.
Your skin changes colour to match your surroundings (Stealth+).
Your rubbery body absorbs attacks. (AC +1, EV +1)
((You are camouflaged when in or above water. (Stealth+)))
You have tentacles for arms and can constrict up to eight enemies at once.


Message History

The black bear misses you.
The black bear looks more healthy.
The black bear attacks as you move away!
The black bear barely misses you. The black bear misses you. x2
The black bear attacks as you move away!
The black bear misses you. The black bear claws you.
The black bear closely misses you.
Casting: Poisonous Vapours (safe; 7% risk of failure)
Confirm with . or Enter, or press ? or * to list all spells.
Aiming: Poisonous Vapours (safe; 7% risk of failure)
Press: ? - help, Dir - move target, f/p - black bear
Aim: a black bear (severely wounded) Poisonous vapours surround the black bear!
The black bear is poisoned.
The black bear barely misses you. The black bear closely misses you.
The black bear claws you.
The black bear goes berserk!
The black bear barely misses you. The black bear completely misses you.
The black bear claws you.
The black bear looks more healthy.
The black bear attacks as you move away!
The black bear bites you. The black bear barely misses you.
The black bear misses you. The black bear closely misses you.
The black bear barely misses you. The black bear claws you.
* * * LOW HITPOINT WARNING * * *
Casting: Poisonous Vapours (safe; 7% risk of failure)
Confirm with . or Enter, or press ? or * to list all spells.
Aiming: Poisonous Vapours (safe; 7% risk of failure)
Press: ? - help, Dir - move target, f/p - black bear
Aim: a black bear (severely wounded, berserk) Poisonous vapours surround the black bear!
The black bear is poisoned.
The black bear bites you.
* * * LOW HITPOINT WARNING * * *
The black bear claws you.
* * * LOW HITPOINT WARNING * * *
The black bear closely misses you.
The black bear attacks as you move away!
The black bear bites you.
* * * LOW HITPOINT WARNING * * *
The black bear claws you.
You die...

### ###...........# #.#
#.'..........(# .# #.#
#.#...........# .# #.#
#.###.....#.### .#
#.#####.# #####.#.# .#
#.......# #..#.#)# .#
#.####### #..#.#.# .# #
#.##########..#.#.####.#.#
#.......h@.#..#.###.......
##########.#......>)...#.#
#[#.##..#.#####
#.#...(.#.# #.#####.#.#
#.#..)..#.# #.#.#####.#
###########.#.#
###.#######
#........##.#.#
#..........


You could see a black bear (berserk, poisoned).

Vanquished Creatures
  Natasha (thrice) (D:2)
  7 adders
  3 worms (D:2)
  5 orcs
  7 ball pythons
  8 bats
  10 endoplasms
  3 giant cockroaches
  6 goblins
  3 hobgoblins
  11 kobolds
  5 quokkas
  4 frilled lizards
  5 rats
80 creatures vanquished.

Vanquished Creatures (others)
  A fungus (D:2)
  3 plants (D:2)
4 creatures vanquished.

Grand Total: 84 creatures vanquished

Notes
Turn   | Place    | Note
-------+----------+-------------------------------------------
     0 | D:1      | NullDivider the Octopode Venom Mage began the quest for the
                  | Orb.
     0 | D:1      | Reached XP level 1. HP: 11/11 MP: 3/3
   272 | D:1      | Reached XP level 2. HP: 17/17 MP: 0/5
   275 | D:1      | Learned a level 2 spell: Poisonous Vapours
  1173 | D:2      | Noticed Natasha
  1297 | D:2      | Noticed a crimson imp
  1297 | D:2      | Killed Natasha
  1298 | D:2      | Reached XP level 3. HP: 1/21 MP: 0/6
  1574 | D:1      | Learned a level 3 spell: Mephitic Cloud
  1738 | D:2      | Reached XP level 4. HP: 24/27 MP: 3/7
  2205 | D:2      | Found a faded altar of an unknown god.
  2337 | D:2      | Noticed Natasha
  2343 | D:2      | Got Plato's Directory of the Excursion
  2353 | D:2      | Killed Natasha
  2354 | D:2      | Reached XP level 5. HP: 11/31 MP: 0/9
  2819 | D:2      | Noticed Natasha
  2830 | D:2      | Killed Natasha
  2831 | D:2      | Reached skill level 1 in Air Magic
  3661 | D:3      | Reached skill level 1 in Conjurations
  4041 | D:4      | Reached XP level 6. HP: 36/36 MP: 4/10
  4350 | D:4      | Noticed a black bear
  4425 | D:4      | Slain by a black bear

Illustrated notes

Levels and vault maps discovered:
D:1:      minmay_arrival_arboretum_small, layout_basic
D:2:      layout_rooms, shapermc_ecumenical_altar_rom_forum,
          minmay_goblin_kobold_house, uniq_natasha
D:3:      layout_rooms
D:4:      black_bear_nest_1, layout_basic, kennysheep_diamond,
          chequers_serial_rivers_micro_b, minmay_box_of_dots

Skill      XL: |  1  2  3  4  5 |
---------------+----------------+-----
Stealth        | 3 4 |  4.5
Poison Magic   | 4 |  4.7
Dodging        | 3 |  3.2
Air Magic      | 1 |  1.3
Spellcasting   | 3 |  3.1
Conjurations   | 1 |  1.0
Transmutations | |  1.3

Action                   |  1- 3 |  4- 6 || total
-------------------------+-------+-------++-------
Melee: Unarmed           |    16 |    49 ||    65
       Tentacles         |     7 |    12 ||    19
       Constrict         |     2 |    10 ||    12
 Cast: Sting             |    37 |    71 ||   108
       Poisonous Vapours |     6 |    37 ||    43
Armor: Skin              |       |    11 ||    11
Dodge: Dodged            |     7 |    64 ||    71
